AoeStats
← RedGrant

Arabia

503196998Analyzed
1v1 RM · 11d ago on Aug 30, 2026· 59m 37s· 2 players
Game mode
Random Map
Map size
Tiny (2 player)
Population
200
Speed
Normal
Resources
Standard
Victory
Conquest
Starting age
Dark Age
Ending age
Imperial Age
RankedLock teamsTeams togetherTeam positionsShared explorationLock speedFull tech treeHidden civsTurbo modeCheats
Victory
Defeat
🇩🇪 Tupi · Germany
827
+16
🇵🇾 Gurjaras · Paraguay
831
-16
RedGrant
8:55 Loom
10:41 Feudal Age
12:20 Champi Runner
12:51 Arson
15:31 Forging
15:23 Scale Mail Armor
22:37 Castle Age
26:15 Fletching
28:34 Champi Warrior
29:16 Squires
30:00 Bodkin Arrow
34:25 Double-Bit Axe
34:23 Horse Collar
34:37 Stone Mining
34:56 Pikeman
39:44 Wheelbarrow
41:19 Padded Archer Armor
41:35 Chain Mail Armor
44:10 Iron Casting
45:12 Leather Archer Armor
50:38 Imperial Age
50:55 Gold Mining
51:22 Bow Saw
51:15 Heavy Plow
52:56 Halberdier
55:45 Plate Mail Armor
57:36 Ring Archer Armor
59:44 Bracer
DoriaPy
6:40 Loom
9:23 Feudal Age
11:07 Double-Bit Axe
11:21 Horse Collar
19:20 Fletching
19:36 Padded Archer Armor
23:32 Castle Age
24:50 Bow Saw
24:42 Heavy Plow
24:17 Elite Skirmisher
28:24 Wheelbarrow
29:32 Hand Cart
29:52 Bodkin Arrow
29:58 Padded Archer Armor
35:06 Gold Mining
35:43 Husbandry
36:07 Thumb Ring
38:20 Town Watch
39:23 Leather Archer Armor
43:31 Kshatriyas
49:50 Ballistics
53:04 Imperial Age
50:35 Town Patrol
53:30 Elite Elephant Archer
55:30 Hoardings
56:37 Chemistry
Connection lost

Rejoining the realm…

Still unreachable

The connection could not be restored.

Session expired

The server has moved on; the page needs a fresh start.